[Event "Seniors-LEM-65 Sachsen-Anhalt 2024"]
[Site "Magdeburg"]
[Date "2024.07.05"]
[Round "5.1"]
[White "Babrikowski, Peter"]
[Black "Kahe, Ralph"]
[Result "1-0"]
[ECO "B06"]
[WhiteElo "2129"]
[BlackElo "2129"]
[Annotator "NA RC"]
[PlyCount "103"]
[EventDate "2024.06.25"]
[EventType "swiss"]
[EventCountry "GER"]
[SourceTitle "playchess.com"]
[Source "ChessBase"]
[SourceQuality "1"]
[TimeControl "40/5400+30:1800+30"]

1. e4 g6 2. d4 Bg7 3. Nf3 d6 4. Bc4 a6 5. a4 b6 6. O-O e6 7. Nc3 Ne7 8. Bf4 {[%emt 0:04:35] B06: Modern Defence.} O-O 9. Qd2 Nd7 10. Rad1 Bb7 11. Bh6 Nf6 12. Bxg7 Kxg7 13. Qf4 h6 14. d5 e5 15. Qh4 g5 16. Qg3 Nh5 17. Qg4 Nf4 18. Nd2 Bc8 19. Qf3 f5 20. g3 g4 21. Qe3 Nh3+ 22. Kh1 f4 23. gxf4 Nxf4 24. f3 {[%emt 0:00:57] [#]} Neg6 (24... h5 $1 $17 25. fxg4 hxg4) 25. Rg1 Qh4 (25... Nh3 $19 26. Rg3 h5) 26. Ne2 Nh3 27. Rg2 Ngf4 28. Nxf4 Nxf4 29. Rgg1 Nh3 30. Rg2 Kh7 31. Rf1 Nf4 32. Rgg1 Rg8 33. Qe1 Qh5 34. Rg3 Bd7 35. Be2 Bxa4 36. fxg4 Qg6 37. Bd3 Bd7 $2 (37... Raf8 $11 {and Black is okay.}) 38. Rxf4 exf4 39. e5 fxg3 40. Bxg6+ Rxg6 41. e6 g2+ 42. Kg1 $18 ({Don't play} 42. Kxg2 Re8 43. Qe4 (43. exd7 Rxe1 44. d8=Q Re2+ 45. Kg3 Rxd2 $18) 43... Bc6 44. dxc6 Re7) 42... Re8 43. Qg3 Bxe6 44. dxe6 Rgxe6 45. Qd3+ Kg8 46. Kxg2 a5 47. Nf3 Re2+ 48. Kg3 R8e7 49. Qg6+ Rg7 50. Qxh6 Rxc2 51. Qe6+ Kf8 52. Qf5+ 1-0

[Event "Seniors-LEM-65 Sachsen-Anhalt 2024"]
[Site "Magdeburg"]
[Date "2024.07.05"]
[Round "5.2"]
[White "Leibovitch, Iziaslav"]
[Black "Schnelzer, Reinhold"]
[Result "0-1"]
[ECO "A08"]
[WhiteElo "2105"]
[BlackElo "2162"]
[Annotator "RC"]
[PlyCount "42"]
[EventDate "2024.06.25"]
[EventType "swiss"]
[EventCountry "GER"]
[SourceTitle "playchess.com"]
[Source "ChessBase"]
[SourceQuality "1"]
[TimeControl "40/5400+30:1800+30"]

1. Nf3 d5 2. g3 c5 3. Bg2 Nc6 4. O-O e5 5. d3 Nf6 6. Nbd2 Be7 7. e4 O-O 8. exd5 Nxd5 9. Nc4 f6 10. a4 Be6 11. c3 Qd7 12. Qe2 Rfe8 13. Re1 Bf8 14. Bd2 Rad8 15. Rad1 Nb6 16. a5 Nxc4 17. dxc4 Nxa5 18. Be3 Qf7 19. Nd2 Nxc4 20. Ne4 Nxe3 21. Qxe3 b6 0-1

[Event "Seniors-LEM-65 Sachsen-Anhalt 2024"]
[Site "Magdeburg"]
[Date "2024.07.05"]
[Round "5.3"]
[White "Schober, Ralf"]
[Black "Broemel, Richard"]
[Result "1/2-1/2"]
[ECO "B15"]
[WhiteElo "2090"]
[BlackElo "2123"]
[Annotator "RC"]
[PlyCount "23"]
[EventDate "2024.06.25"]
[EventType "swiss"]
[EventCountry "GER"]
[SourceTitle "playchess.com"]
[Source "ChessBase"]
[SourceQuality "1"]
[TimeControl "40/5400+30:1800+30"]

1. e4 c6 2. Nc3 d5 3. Nf3 g6 4. d4 Bg7 5. h3 dxe4 6. Nxe4 Nd7 7. Bc4 Ngf6 8. Nxf6+ Nxf6 9. c3 O-O 10. O-O Nd5 11. Re1 e6 12. Bf1 1/2-1/2

[Event "Seniors-LEM-65 Sachsen-Anhalt 2024"]
[Site "Magdeburg"]
[Date "2024.07.05"]
[Round "5.4"]
[White "Koehler, Gerhard"]
[Black "Waltenberger, Udo"]
[Result "1-0"]
[ECO "A37"]
[WhiteElo "2204"]
[BlackElo "1993"]
[Annotator "RC"]
[PlyCount "51"]
[EventDate "2024.06.25"]
[EventType "swiss"]
[EventCountry "GER"]
[SourceTitle "playchess.com"]
[Source "ChessBase"]
[SourceQuality "1"]
[TimeControl "40/5400+30:1800+30"]

1. c4 c5 2. Nc3 g6 3. g3 Nc6 4. Bg2 Bg7 5. a3 d6 6. Rb1 a5 7. Nf3 e5 8. d3 Nge7 9. Nd2 Be6 10. Nf1 d5 11. cxd5 Nxd5 12. Ne3 Nde7 13. O-O O-O 14. Nc4 Rb8 15. Nb5 Nd4 16. Nxd4 cxd4 17. Bd2 b6 18. b4 axb4 19. Bxb4 Qd7 20. Bd6 Bxc4 21. Bxb8 Bb5 22. Qb3 Rxb8 23. Qxb5 Qd6 24. a4 Nc8 25. Rfc1 Bf8 26. a5 1-0

[Event "Seniors-LEM-65 Sachsen-Anhalt 2024"]
[Site "Magdeburg"]
[Date "2024.07.05"]
[Round "5.5"]
[White "Okrajek, Alexander"]
[Black "Christen, Pierre"]
[Result "1-0"]
[ECO "D04"]
[WhiteElo "2163"]
[BlackElo "1946"]
[Annotator "RC"]
[PlyCount "75"]
[EventDate "2024.06.25"]
[EventType "swiss"]
[EventCountry "GER"]
[SourceTitle "playchess.com"]
[Source "ChessBase"]
[SourceQuality "1"]
[TimeControl "40/5400+30:1800+30"]

1. d4 d5 2. Nf3 Nf6 3. e3 c6 4. Nbd2 Bf5 5. Bd3 e6 6. Bxf5 exf5 7. O-O Bd6 8. c4 O-O 9. Qc2 g6 10. Rb1 Qe7 11. c5 Bc7 12. b4 a6 13. a4 Ne4 14. b5 axb5 15. axb5 cxb5 16. Rxb5 Nc6 17. g3 Rfb8 18. Nxe4 fxe4 19. Nd2 Qd7 20. Qb1 Nd8 21. Kg2 Ne6 22. f4 Ba5 23. Rf2 Bxd2 24. Bxd2 Ra7 25. Rb6 Ng7 26. Qb3 Ne8 27. h3 Rba8 28. Bc1 Ra1 29. Rxb7 Qe6 30. Rb6 Qe7 31. Bb2 Re1 32. Qxd5 Rd8 33. Rb7 Rxd5 34. Rxe7 Rd8 35. Rxe4 Nf6 36. Re5 Nd5 37. Kf3 Nb4 38. Bc3 1-0

[Event "Seniors-LEM-65 Sachsen-Anhalt 2024"]
[Site "Magdeburg"]
[Date "2024.07.05"]
[Round "5.7"]
[White "Kolthoff, Siegmund"]
[Black "Poetke, Dan-Peter"]
[Result "1/2-1/2"]
[ECO "A16"]
[WhiteElo "2090"]
[BlackElo "1968"]
[Annotator "NA RC"]
[PlyCount "79"]
[EventDate "2024.06.25"]
[EventType "swiss"]
[EventCountry "GER"]
[SourceTitle "playchess.com"]
[Source "ChessBase"]
[SourceQuality "1"]
[TimeControl "40/5400+30:1800+30"]

1. c4 Nf6 2. Nc3 d5 3. cxd5 Nxd5 4. g3 c6 5. Nf3 Bg4 6. Bg2 {[%emt 0:00:20] A16: English Opening: 1...Nf6 with ...d5.} e6 7. O-O Nd7 8. d4 Be7 9. e4 N5b6 10. Qb3 O-O 11. Be3 Bxf3 12. Bxf3 Bg5 13. Rfe1 Bxe3 14. Rxe3 Qf6 15. Rd1 Rfe8 16. e5 Qe7 17. Ne4 Nd5 18. Re2 Qb4 19. Qc2 N7b6 20. Nd6 Re7 21. Re4 (21. Rd3 $16) 21... f5 (21... Rd7 $14) 22. Re2 Rf8 23. Red2 Qa5 24. a3 Nc8 25. Nc4 (25. Qc5 $142 Qb6 26. Bxd5 exd5 27. f4) 25... Qd8 26. b4 g5 $11 27. Rb1 g4 28. Bxd5 Qxd5 29. Ne3 Qd7 30. a4 a6 31. Qc5 Rg7 32. Ng2 Qd5 33. Qxd5 cxd5 34. Nf4 Re7 35. b5 axb5 36. axb5 Nb6 37. Rc2 Ra8 38. Rbc1 Nc4 39. Rc3 Kf7 40. Rb3 1/2-1/2

[Event "Seniors-LEM-65 Sachsen-Anhalt 2024"]
[Site "Magdeburg"]
[Date "2024.07.05"]
[Round "5.8"]
[White "Wolff, Stefan"]
[Black "Waagener, Ulrich"]
[Result "1/2-1/2"]
[ECO "B13"]
[WhiteElo "1956"]
[BlackElo "2080"]
[Annotator "NA RC"]
[PlyCount "63"]
[EventDate "2024.06.25"]
[EventType "swiss"]
[EventCountry "GER"]
[SourceTitle "playchess.com"]
[Source "ChessBase"]
[SourceQuality "1"]
[TimeControl "40/5400+30:1800+30"]

1. c4 c6 2. e4 d5 3. exd5 cxd5 4. d4 Nf6 5. Nc3 Nc6 6. Bf4 Be6 {[%emt 0:05:01] has lost popularity (6...a6). B13: Caro-Kann: Exchange Variation and Panov-Botvinnik Attack.} 7. c5 Qd7 $146 ({Predecessor:} 7... g6 8. Bb5 Bg7 9. f3 O-O 10. Nge2 Bd7 11. O-O Re8 12. Re1 Nh5 13. Bg5 h6 14. Bh4 {½-½ Timofeev,A (2641)-Grachev,B (2680) RUS-ch Higher League 65th 2012 (3)}) 8. Bb5 a6 9. Ba4 Bg4 10. f3 Bf5 11. Nge2 e6 12. O-O Be7 13. b4 O-O 14. a3 Ne8 15. Bc2 Bxc2 16. Qxc2 Bf6 17. Rad1 g6 18. Rfe1 Ng7 19. g4 Bh4 (19... g5 $11 20. Bg3 h5) 20. Ng3 f5 21. g5 h6 22. gxh6 Nh5 23. Bd6 Kh7 24. Re2 (24. Bxf8 $16 Rxf8 25. Nce2) 24... Be7 25. Bxe7 Nxe7 {[%emt 0:00:38] [#]} 26. Rde1 $11 (26. Na4 $1 $18 Rad8 (26... Nf4 $2 27. Nb6 $18) 27. Nxh5 gxh5 28. Nb2) 26... Nf4 27. Re3 g5 28. Nge2 Neg6 29. Nxf4 Nxf4 30. Ne2 Rae8 31. Nxf4 gxf4 32. Re5 1/2-1/2

[Event "Seniors-LEM-65 Sachsen-Anhalt 2024"]
[Site "Magdeburg"]
[Date "2024.07.05"]
[Round "5.9"]
[White "Ruether, Rudolf"]
[Black "Cordes, Lothar"]
[Result "1/2-1/2"]
[ECO "E17"]
[WhiteElo "2065"]
[BlackElo "1858"]
[Annotator "NA RC"]
[PlyCount "56"]
[EventDate "2024.06.25"]
[EventType "swiss"]
[EventCountry "GER"]
[SourceTitle "playchess.com"]
[Source "ChessBase"]
[SourceQuality "1"]
[TimeControl "40/5400+30:1800+30"]

1. d4 Nf6 2. Nf3 e6 3. g3 b6 4. Bg2 Bb7 5. O-O Be7 6. c4 O-O 7. b3 d5 8. Bb2 Nbd7 9. cxd5 exd5 10. Nc3 Re8 11. Rc1 c6 12. Re1 {[%emt 0:02:01] E17: Queen's Indian: 4 g3 Bb7 5 Bg2 Be7.} Bd6 13. Nd2 c5 14. e4 cxd4 15. Nxd5 Nxd5 16. exd5 Rxe1+ 17. Qxe1 Nc5 18. Bf1 Bxd5 19. Bxd4 Ne6 20. Be3 Bb4 21. Qe2 Ng5 22. Bxg5 Qxg5 23. Rc2 Qf5 24. Nc4 Bf3 25. Ne3 $11 Qe4 26. Qc4 Bc5 27. Qxe4 Bxe4 28. Rd2 Bxe3 1/2-1/2

[Event "Seniors-LEM-65 Sachsen-Anhalt 2024"]
[Site "Magdeburg"]
[Date "2024.07.05"]
[Round "5.10"]
[White "Bregler, Herbert"]
[Black "Krueger, Wolfgang"]
[Result "1/2-1/2"]
[ECO "B15"]
[WhiteElo "1952"]
[BlackElo "2054"]
[Annotator "RC"]
[PlyCount "30"]
[EventDate "2024.06.25"]
[EventType "swiss"]
[EventCountry "GER"]
[SourceTitle "playchess.com"]
[Source "ChessBase"]
[SourceQuality "1"]
[TimeControl "40/5400+30:1800+30"]

1. d4 g6 2. e4 c6 3. Nf3 Bg7 4. Nc3 d5 5. Be2 Nh6 6. Bf4 f6 7. Qd2 Nf7 8. exd5 cxd5 9. O-O O-O 10. Rad1 a6 11. Na4 Nc6 12. c4 dxc4 13. Bxc4 b5 14. Bxf7+ Rxf7 15. d5 Ne5 1/2-1/2

[Event "Seniors-LEM-65 Sachsen-Anhalt 2024"]
[Site "Magdeburg"]
[Date "2024.07.05"]
[Round "5.11"]
[White "Krieg, Peter"]
[Black "Jacob, Helmut"]
[Result "0-1"]
[ECO "B27"]
[WhiteElo "1920"]
[BlackElo "2047"]
[Annotator "NA RC"]
[PlyCount "56"]
[EventDate "2024.06.25"]
[EventType "swiss"]
[EventCountry "GER"]
[SourceTitle "playchess.com"]
[Source "ChessBase"]
[SourceQuality "1"]
[TimeControl "40/5400+30:1800+30"]

1. e4 c5 2. Nf3 Nc6 3. Bc4 d6 4. O-O g6 5. c3 Bg7 6. h3 Nf6 7. Re1 O-O {[%emt 0:00:13] B27: Sicilian: 2 Nf3, unusual Black 2nd moves.} 8. Na3 Nxe4 9. Rxe4 d5 10. Re1 dxc4 11. Nxc4 Qd5 12. Qe2 b6 13. Ne3 Qd7 14. Nc2 e5 15. b3 Bb7 16. Bb2 Rad8 17. Red1 (17. d4 $17 {might work better.}) 17... Rfe8 18. a3 e4 19. Nfe1 Ne5 20. Ne3 f5 21. f4 exf3 22. gxf3 f4 23. d4 Nf7 $19 (23... Nxf3+ $142 24. Nxf3 Rxe3 (24... fxe3 $2 25. Kg2 $19) 25. Qc4+ Bd5) 24. dxc5 Qe7 25. c6 Rxd1 26. Rxd1 Bxc6 27. Qc4 Qxe3+ 28. Kg2 Qe2+ 0-1

[Event "Seniors-LEM-65 Sachsen-Anhalt 2024"]
[Site "Magdeburg"]
[Date "2024.07.05"]
[Round "5.12"]
[White "Albert, Gerhard"]
[Black "Haase, Reinhard"]
[Result "0-1"]
[ECO "B02"]
[WhiteElo "1888"]
[BlackElo "2044"]
[Annotator "NA RC"]
[PlyCount "90"]
[EventDate "2024.06.25"]
[EventType "swiss"]
[EventCountry "GER"]
[SourceTitle "playchess.com"]
[Source "ChessBase"]
[SourceQuality "1"]
[TimeControl "40/5400+30:1800+30"]

1. e4 d5 2. exd5 Nf6 3. Nc3 Nxd5 4. Qf3 Nf6 5. Bc4 Nc6 6. Qd1 {[%emt 0:05:25] B02: Alekhine's Defence: Chase Variation and lines with early Nc3.} e5 7. d3 Bc5 8. Nf3 h6 9. a3 O-O 10. O-O Bg4 11. h3 Bh5 12. Be3 Bd4 13. Rb1 Bxc3 14. bxc3 Na5 15. Ba2 Qd6 $2 (15... e4 $11 16. dxe4 Nxe4) 16. Qc1 Bxf3 17. gxf3 b6 18. f4 Nh5 19. fxe5 Qxe5 20. Qd1 Nf6 21. Bd4 Qg5+ 22. Kh1 Qf5 23. Kh2 (23. Kg2 $142) 23... Rad8 24. Rg1 Qf4+ ({Black should try} 24... Nc6 $17 25. Be3 Ne5) 25. Rg3 Rxd4 26. cxd4 Qxf2+ 27. Rg2 Qf4+ $11 28. Kh1 Re8 29. Qg1 Re3 30. Rxg7+ Kh8 31. Rg2 Rxh3+ 32. Rh2 Qf3+ 33. Qg2 Rxh2+ 34. Kxh2 Ng4+ 35. Kg1 Qe3+ 36. Kf1 Qxd4 37. Qa8+ Kg7 38. Qg2 Kh8 39. Qg3 f5 40. Re1 Nc6 41. Re8+ Kg7 42. Qxc7+ Kg6 43. Qxc6+ Kg5 44. Rg8+ Kf4 45. Qc4 Ne3+ 0-1

[Event "Seniors-LEM-65 Sachsen-Anhalt 2024"]
[Site "Magdeburg"]
[Date "2024.07.05"]
[Round "5.13"]
[White "Lehr, Thomas"]
[Black "Schmidt, Gerhard"]
[Result "1/2-1/2"]
[ECO "B22"]
[WhiteElo "1954"]
[BlackElo "2112"]
[Annotator "RC"]
[PlyCount "101"]
[EventDate "2024.06.25"]
[EventType "swiss"]
[EventCountry "GER"]
[SourceTitle "playchess.com"]
[Source "ChessBase"]
[SourceQuality "1"]
[TimeControl "40/5400+30:1800+30"]

1. e4 c5 2. c3 e5 3. Nf3 Nc6 4. Be2 Nf6 5. d3 Be7 6. O-O d5 7. Qc2 O-O 8. a4 h6 9. Re1 Be6 10. Bf1 Qc7 11. Nbd2 Rfe8 12. b3 Rac8 13. Ba3 d4 14. c4 g5 15. g3 Kh8 16. Be2 Nh7 17. Kh1 b6 18. Qd1 Rg8 19. Ng1 Qd7 20. Bf3 a5 21. Bc1 Kg7 22. Nf1 Rh8 23. Bg2 Bd6 24. h3 Rcg8 25. Nh2 Kf8 26. Qe2 Ke8 27. Ra2 Kd8 28. Qf1 Nf8 29. Bf3 h5 30. Bd1 f6 31. Qg2 Ng6 32. Rb2 Nb4 33. Be2 Kc7 34. Rd1 Nc6 35. Bf1 Nd8 36. f3 g4 37. h4 gxf3 38. Qxf3 Be7 39. Rf2 Nf7 40. Re1 Nh6 41. Bxh6 Rxh6 42. Rg2 Rhh8 43. Ree2 Qc8 44. Ref2 Rf8 45. Qe2 Bd7 46. Ngf3 Bd6 47. Rg1 Ne7 48. Bg2 Rhg8 49. Nf1 Qe8 50. Kh2 Qg6 51. Bh3 1/2-1/2

[Event "Seniors-LEM-65 Sachsen-Anhalt 2024"]
[Site "Magdeburg"]
[Date "2024.07.05"]
[Round "5.14"]
[White "Krien, Hartmut"]
[Black "Andersen, Knut"]
[Result "1/2-1/2"]
[ECO "B30"]
[WhiteElo "1928"]
[BlackElo "2104"]
[Annotator "RC"]
[PlyCount "37"]
[EventDate "2024.06.25"]
[EventType "swiss"]
[EventCountry "GER"]
[SourceTitle "playchess.com"]
[Source "ChessBase"]
[SourceQuality "1"]
[TimeControl "40/5400+30:1800+30"]

1. e4 c5 2. Nf3 Nc6 3. Bb5 Nf6 4. Bxc6 dxc6 5. d3 g6 6. b3 Bg7 7. Bb2 O-O 8. h3 b5 9. Nbd2 a5 10. a4 h6 11. O-O Be6 12. Qe2 Qb6 13. Qe3 Rfd8 14. Ra2 Nd7 15. Bxg7 Kxg7 16. Raa1 c4 17. Qd4+ f6 18. bxc4 Nc5 19. Qb2 1/2-1/2

[Event "Seniors-LEM-65 Sachsen-Anhalt 2024"]
[Site "Magdeburg"]
[Date "2024.07.05"]
[Round "5.15"]
[White "Krueger, Erich"]
[Black "Schwis, Joachim"]
[Result "1-0"]
[ECO "A42"]
[WhiteElo "2095"]
[BlackElo "1950"]
[Annotator "NA RC"]
[PlyCount "79"]
[EventDate "2024.06.25"]
[EventType "swiss"]
[EventCountry "GER"]
[SourceTitle "playchess.com"]
[Source "ChessBase"]
[SourceQuality "1"]
[TimeControl "40/5400+30:1800+30"]

1. d4 d6 2. c4 g6 3. Nc3 Bg7 4. e4 Nc6 5. Be3 e5 6. d5 Nce7 7. c5 {[%emt 0:03:45] is cutting edge theory.} f5 8. cxd6 cxd6 9. f3 {[%emt 0:00:31] A42: Modern Defence: Averbakh Variation.} Nf6 10. Bb5+ Kf7 11. Nge2 a6 12. Bd3 Bd7 $146 ({Predecessor:} 12... b5 13. b4 f4 14. Bf2 g5 15. a4 bxa4 16. Rxa4 g4 17. b5 a5 18. Nc1 Ng6 {0-1 Lehmann,H (2227)-Frey,B (2171) Oberliga NRW 0001 II 2000 (1.7)}) 13. O-O f4 14. Bf2 g5 15. Na4 Bxa4 16. Qxa4 Qd7 17. Nc3 Rhc8 18. Rac1 Bf8 19. Qb3 Ne8 20. a4 Ng6 21. a5 Be7 22. Qa4 Qxa4 23. Nxa4 Rxc1 24. Rxc1 Bd8 25. Nb6 Bxb6 26. Bxb6 Ne7 27. b4 Rc8 28. Rc2 Rxc2 29. Bxc2 Nf6 30. Ba4 Nc8 31. Bd8 (31. Bf2 $16) 31... Ne7 32. Kf2 $16 Nc8 33. Ke2 h6 34. Kd3 Ne7 35. h3 h5 36. Kc4 h4 37. b5 g4 38. bxa6 bxa6 39. Kd3 g3 40. Bc6 1-0

[Event "Seniors-LEM-65 Sachsen-Anhalt 2024"]
[Site "Magdeburg"]
[Date "2024.07.05"]
[Round "5.16"]
[White "Bauer, Burkhard"]
[Black "Just, Joachim"]
[Result "0-1"]
[ECO "A12"]
[WhiteElo "2043"]
[BlackElo "1909"]
[Annotator "NA RC"]
[PlyCount "82"]
[EventDate "2024.06.25"]
[EventType "swiss"]
[EventCountry "GER"]
[SourceTitle "playchess.com"]
[Source "ChessBase"]
[SourceQuality "1"]
[TimeControl "40/5400+30:1800+30"]

1. c4 Nf6 2. Nc3 c6 3. Nf3 d5 4. e3 Bg4 5. Be2 e6 6. b3 Nbd7 7. Bb2 Bd6 {[%emt 0:00:34] A12: English Opening: 1...c6 with b3 by White.} 8. d4 O-O 9. O-O Rc8 10. h3 Bxf3 11. Bxf3 Ne8 12. e4 dxe4 13. Bxe4 Nef6 14. Bf3 Re8 15. Re1 Qa5 16. a3 Qg5 17. Bc1 Bf4 18. Qc2 Nf8 19. g3 Bxc1 20. Raxc1 Ng6 21. Bg2 Rcd8 22. Rcd1 Qa5 23. Qb2 Qc7 24. b4 e5 25. Ne2 e4 26. Nc1 {[%emt 0:00:51] [#]} e3 $1 27. Rxe3 (27. Nd3 $11 {remains equal.}) 27... Rxe3 28. fxe3 Qxg3 29. Qf2 Qg5 30. Kh1 Re8 31. Re1 Ne4 32. Bxe4 Rxe4 33. Qf3 Qe7 34. Nd3 Rh4 35. Nf2 Qd7 $2 ({Black should play} 35... Rxd4 $19 36. exd4 Qxe1+ 37. Kh2 Qd2) 36. Qg3 Qe6 37. c5 (37. Rc1 $17 {was worth a try.}) 37... Rxd4 $19 38. exd4 Qxe1+ 39. Kg2 h6 40. Qb8+ Kh7 41. Qxb7 Nh4+ 0-1

[Event "Seniors-LEM-65 Sachsen-Anhalt 2024"]
[Site "Magdeburg"]
[Date "2024.07.05"]
[Round "5.17"]
[White "Klettke, Wolfgang"]
[Black "Zechel, Rolf-Ruediger"]
[Result "1-0"]
[ECO "B52"]
[WhiteElo "2008"]
[BlackElo "1870"]
[Annotator "NA RC"]
[PlyCount "73"]
[EventDate "2024.06.25"]
[EventType "swiss"]
[EventCountry "GER"]
[SourceTitle "playchess.com"]
[Source "ChessBase"]
[SourceQuality "1"]
[TimeControl "40/5400+30:1800+30"]

1. e4 c5 2. Nf3 d6 3. Bb5+ Bd7 4. Bxd7+ Qxd7 5. O-O Nf6 6. Re1 e6 {[%emt 0:02:29] B52: Sicilian: Moscow Variation with 3...Bd7.} 7. c4 Be7 8. Nc3 O-O 9. d4 cxd4 10. Nxd4 a6 11. Be3 Nc6 12. Rc1 Rac8 13. b3 Rfe8 14. f3 h6 15. Qd2 Bf8 16. Na4 Qd8 17. Red1 Ne5 18. h3 Ned7 19. g4 Be7 20. Kg2 Nh7 21. Nc3 Nc5 22. Nde2 Qc7 23. Bf4 Rcd8 24. b4 e5 25. Be3 Ne6 26. Nd5 Qb8 27. a4 b5 $2 (27... Bg5 $16) 28. cxb5 axb5 29. a5 Bg5 30. Bxg5 $18 hxg5 31. Rc6 Rd7 32. Nb6 Qb7 33. Qc3 Rc7 34. Rdxd6 Ree7 35. Nd5 Rxc6 36. Nxe7+ Qxe7 37. Rxc6 1-0

[Event "Seniors-LEM-65 Sachsen-Anhalt 2024"]
[Site "Magdeburg"]
[Date "2024.07.05"]
[Round "5.18"]
[White "Luebeck, Stephan"]
[Black "Lapp, Karl"]
[Result "1/2-1/2"]
[ECO "D03"]
[WhiteElo "1942"]
[BlackElo "2001"]
[Annotator "RC"]
[PlyCount "48"]
[EventDate "2024.06.25"]
[EventType "swiss"]
[EventCountry "GER"]
[SourceTitle "playchess.com"]
[Source "ChessBase"]
[SourceQuality "1"]
[TimeControl "40/5400+30:1800+30"]

1. d4 d5 2. Nf3 Nf6 3. Bg5 Ne4 4. Bf4 c6 5. e3 Qb6 6. Qc1 Bf5 7. c3 Nd7 8. Nbd2 h6 9. h3 e6 10. Be2 c5 11. Ne5 Nef6 12. Ndf3 Bd6 13. Nxd7 Nxd7 14. Bxd6 Qxd6 15. Qd2 cxd4 16. exd4 a6 17. Bd3 Bxd3 18. Qxd3 b5 19. O-O O-O 20. a3 Rab8 21. Rfc1 Rfc8 22. Rc2 a5 23. Rac1 Rc7 24. Qd2 Rbc8 1/2-1/2

[Event "Seniors-LEM-65 Sachsen-Anhalt 2024"]
[Site "Magdeburg"]
[Date "2024.07.05"]
[Round "5.19"]
[White "Kalkmann, Hans"]
[Black "Lorenz, Dietmar"]
[Result "0-1"]
[ECO "D02"]
[WhiteElo "1910"]
[BlackElo "1981"]
[Annotator "NA RC"]
[PlyCount "64"]
[EventDate "2024.06.25"]
[EventType "swiss"]
[EventCountry "GER"]
[SourceTitle "playchess.com"]
[Source "ChessBase"]
[SourceQuality "1"]
[TimeControl "40/5400+30:1800+30"]

1. d4 d5 2. Nf3 Nf6 3. g3 Bf5 4. Bg2 e6 5. Bg5 Be7 6. c3 {[%emt 0:00:55] D02: 1 d4 d5 2 Nf3 sidelines, including 2...Nf6 3 g3 and 2...Nf6 3 Bf4.} c6 7. Nh4 Be4 8. Nd2 Bxg2 9. Nxg2 Nbd7 10. Qc2 c5 11. dxc5 Nxc5 12. Bxf6 Bxf6 13. O-O Qb6 14. e3 O-O 15. Nf4 Rac8 16. Rab1 Qc6 17. Nd3 b5 18. Nxc5 Qxc5 19. Qd3 Rfd8 20. Rfd1 Qb6 21. Qe2 b4 22. c4 Qa6 23. b3 Qxa2 24. Kf1 dxc4 25. Nxc4 Rxd1+ 26. Qxd1 Rd8 27. Qe1 Rd3 28. Rc1 Rxb3 29. Nd2 Qa6+ $19 (29... Rc3 $142 30. Kg2 b3 31. Nxb3 Qxb3) 30. Qe2 Qxe2+ 31. Kxe2 Rc3 32. Ra1 Rxe3+ 0-1

[Event "Seniors-LEM-65 Sachsen-Anhalt 2024"]
[Site "Magdeburg"]
[Date "2024.07.05"]
[Round "5.20"]
[White "Schulz, Hans-Werner"]
[Black "Gehrmann, Rudolf-Rainer"]
[Result "0-1"]
[ECO "D02"]
[WhiteElo "1896"]
[BlackElo "1980"]
[Annotator "RC"]
[PlyCount "102"]
[EventDate "2024.06.25"]
[EventType "swiss"]
[EventCountry "GER"]
[SourceTitle "playchess.com"]
[Source "ChessBase"]
[SourceQuality "1"]
[TimeControl "40/5400+30:1800+30"]

1. Nf3 g6 2. g3 Bg7 3. Bg2 d5 4. d4 Nf6 5. O-O O-O 6. e3 Nbd7 7. b3 Re8 8. Bb2 c6 9. Nbd2 e5 10. dxe5 Ng4 11. Rb1 Ngxe5 12. Nxe5 Nxe5 13. Bd4 Bg4 14. Qc1 Qc7 15. h3 Be6 16. Qd1 c5 17. Ba1 Rad8 18. Nf3 f6 19. Nxe5 fxe5 20. Qe2 d4 21. c4 Qd7 22. g4 Bf7 23. Be4 Rf8 24. Rbd1 Qe7 25. exd4 exd4 26. Rfe1 Qc7 27. f3 Rde8 28. Qg2 b6 29. Bb2 Be5 30. Bc1 Bf4 31. Bxf4 Qxf4 32. Qd2 Qg3+ 33. Qg2 Qd6 34. Re2 Kg7 35. Qf2 g5 36. h4 Bg6 37. Bxg6 Qxg6 38. Rxe8 Rxe8 39. hxg5 Qxg5 40. Re1 Rf8 41. Kg2 Rf7 42. Kh3 Rf6 43. Re7+ Kg8 44. Rxa7 Rh6+ 45. Kg2 Qf4 46. Ra8+ Kf7 47. Ra7+ Kf6 48. g5+ Qxg5+ 49. Kf1 Qc1+ 50. Kg2 Rg6+ 51. Kh3 Qh1+ 0-1

[Event "Seniors-LEM-65 Sachsen-Anhalt 2024"]
[Site "Magdeburg"]
[Date "2024.07.05"]
[Round "5.21"]
[White "Stummeyer, Dieter"]
[Black "Renner, Bernd"]
[Result "0-1"]
[ECO "B92"]
[WhiteElo "1884"]
[BlackElo "1997"]
[Annotator "RC"]
[PlyCount "84"]
[EventDate "2024.06.25"]
[EventType "swiss"]
[EventCountry "GER"]
[SourceTitle "playchess.com"]
[Source "ChessBase"]
[SourceQuality "1"]
[TimeControl "40/5400+30:1800+30"]

1. e4 c5 2. Nf3 d6 3. d4 cxd4 4. Nxd4 Nf6 5. Nc3 a6 6. Be2 e5 7. Nb3 Be7 8. O-O O-O 9. Be3 Be6 10. Qd2 Qc7 11. f3 Nbd7 12. Rfc1 Nb6 13. Qe1 d5 14. exd5 Nbxd5 15. Nxd5 Nxd5 16. Bf2 Bg5 17. c4 Nf4 18. Bf1 Ng6 19. Rc3 Rfd8 20. Be3 Be7 21. Qf2 Qc8 22. Rac1 Nf8 23. c5 Bd7 24. Na5 Bc6 25. Nc4 Qc7 26. Nb6 Rab8 27. f4 Bf6 28. Rc4 Ne6 29. f5 Nd4 30. Bxd4 exd4 31. Bd3 Bb5 32. Qf3 Bxc4 33. Bxc4 d3 34. Bxd3 Bxb2 35. Rc2 Bd4+ 36. Kf1 Qxh2 37. Be4 Qg1+ 38. Ke2 Bxc5 39. Nd5 Qd4 40. f6 Rxd5 41. Bxd5 Re8+ 42. Kf1 Qg1# 0-1

[Event "Seniors-LEM-65 Sachsen-Anhalt 2024"]
[Site "Magdeburg"]
[Date "2024.07.05"]
[Round "5.23"]
[White "Matthey, Harald"]
[Black "Bielfeldt, Michael"]
[Result "1-0"]
[ECO "A14"]
[WhiteElo "2064"]
[BlackElo "1810"]
[Annotator "NA RC"]
[PlyCount "57"]
[EventDate "2024.06.25"]
[EventType "swiss"]
[EventCountry "GER"]
[SourceTitle "playchess.com"]
[Source "ChessBase"]
[SourceQuality "1"]
[TimeControl "40/5400+30:1800+30"]

1. Nf3 d5 2. g3 Nf6 3. Bg2 e6 4. O-O Be7 5. d3 O-O 6. b3 c6 7. Bb2 Nbd7 8. c4 b6 9. Nc3 {[%emt 0:01:05] A14: English Opening: 1...e6 with b3 by White.} Bb7 10. e4 dxe4 11. dxe4 c5 12. e5 Ne8 13. Qe2 g6 14. Rad1 Qc7 15. Nb5 Qc8 16. Qd2 Bc6 17. Ne1 Nb8 18. Nd6 Qc7 19. h4 ({Better is} 19. Bh3) 19... Ng7 20. g4 Bxg2 21. Nxg2 h5 22. f3 a6 23. Ne4 Kh7 24. Nf6+ Bxf6 25. exf6 Ne8 26. Qg5 Rh8 27. gxh5 gxh5 28. Be5 Qc6 29. Rd8 1-0